 Dungeon Crawl Stone Soup version 0.32-a0-841-g4648e6c457 (webtiles) character file.

Game seed: 8930245748311332794

885 ytrimaz the Magician (level 8, -3/46 HPs)
             Began as an Octopode Conjurer on Mar 26, 2024.
             Slain by a gnoll
             ... wielding a +0 flail
              (7 damage)
             ... on level 4 of the Dungeon.
             The game lasted 00:05:04 (4808 turns).

ytrimaz the Magician (Octopode Conjurer)            Turns: 4808, Time: 00:05:04

Health: -3/46      AC:  1    Str:  6    XL:     8   Next: 5%
Magic:  15/16      EV: 12    Int: 22    God:
Gold:   195        SH:  0    Dex: 11    Spells: 12/18 levels left

rFire   . . .        (no weapon)
rCold   . . .        (no shield)
rNeg    . . .        (helmet restricted)
rPois   .            (no amulet)
rElec   .            (no ring)
rCorr   .            (no ring)
SInv    .            (no ring)
Will    .....        (no ring)
Stlth   +++          (no ring)
HPRegen 0.27/turn    (no ring)
MPRegen 0.15/turn    (no ring)
                     (no ring)

%: no passive effects
@: no status effects
A: almost no armour, amphibious, 8 rings, camouflage 1, gelatinous body 1,
(nimble swimmer 1), tentacles
a: no special abilities


You were on level 4 of the Dungeon.
You visited 1 branch of the dungeon, and saw 4 of its levels.

You collected 195 gold pieces.


Innate Abilities, Weirdness & Mutations

You cannot wear most types of armour.
You are amphibious.
You can wear up to eight rings at the same time.
Your skin changes colour to match your surroundings (Stealth+).
Your rubbery body absorbs attacks. (AC +1, EV +1)
((You are camouflaged when in or above water. (Stealth+)))
You have tentacles for arms and can constrict up to eight enemies at once.


   Skills:
 - Level 3.0 Dodging
 - Level 2.6 Stealth
 + Level 5.8 Spellcasting
 - Level 5.0 Conjurations
 + Level 3.4 Summonings
 + Level 3.4 Ice Magic


You had 12 spell levels left.
You knew the following spells:

 Your Spells              Type           Power      Damage    Failure   Level
a - Magic Dart            Conj           100%       1d8       1%          1
b - Searing Ray           Conj           56%        2d6       1%          2
c - Summon Ice Beast      Ice/Summ       21%        N/A       7%          3

Your spell library contained the following spells:

 Spells                   Type           Power      Damage    Failure   Level
 Shock                    Conj/Air       68%        1d7       3%          1
 Static Discharge         Conj/Air       34%        3-5/arc   4%          2
 Ozocubu's Armour         Ice            21%        N/A       7%          3
 Lesser Beckoning         Tloc           12%        N/A       14%         2
 Fugue of the Fallen      Necr           6%         N/A       28%         3
 Gell's Gravitas          Tloc           6%         N/A       28%         3
 Swiftness                Air            6%         N/A       28%         3
 Teleport Other           Tloc           6%         N/A       28%         3
 Fulminant Prism          Conj/Alch      8%         3d6       32%         4
 Iskenderun's Mystic Bla  Conj/Tloc      17%        2d5       32%         4
 Summon Lightning Spire   Summ/Air       13%        N/A       41%         4
 Airstrike                Air            3%         2d(1-17)  67%         4
 Manifold Assault         Tloc           6%         N/A       67%         4
 Summon Mana Viper        Hex/Summ       13%        N/A       77%         5
 Monstrous Menagerie      Summ           10%        N/A       100%        7

Inventory:

Missiles
 a - a throwing net
Wands
 b - a wand of paralysis (4)
   (You found it on level 4 of the Dungeon)
Scrolls
 d - a scroll of immolation
 e - a scroll of revelation {unknown}
 g - 2 scrolls of noise
 j - a scroll of teleportation {unknown}
Potions
 c - a potion of mutation {unknown}
 f - a potion of invisibility {unknown}
 i - a potion of magic
 k - a potion of might {unknown}
 l - a potion of brilliance {unknown}

Dungeon Overview and Level Annotations

Branches:
Dungeon (4/15) Zot: 19183
 Temple: D:4-7

Altars:
Sif Muna

Shops:
D:3

= ### #...#######.######. ...
#...............##.
#.###...#######.###.##<
#.......## #.###.##.
#.....Y..# #........
#####...$.g.## #........
..##......## #.###.###
#.##....gg# #.###.# #
#.#######@# #.....# # #.#
##+## #.####### #.# ##...##
#........ ###.# ##.....##
#.####### ##.#)# ##.......##
#..##
#####....###.........####...##
.........†.'.........'>......#
#####....###.........####.).##
##.#.# ##.......## ##..######


You could see 3 gnolls and a friendly ice beast (summoned).


Message History

You lost 1 mp, and now have 13/16 mp.
The searing ray hits the gnoll.
The gnoll throws a stone.
The stone hits you. 😕 HP[-2] MP[-1]
You take 2 damage, and now have 37/46 hp.
You lost 1 mp, and now have 12/16 mp.
The searing ray hits the gnoll!
You kill the gnoll!
You finish channelling your searing ray. 😕 HP[+1] MP[-1]
You lost 1 mp, and now have 11/16 mp.
Unknown command.
You now have 195 gold pieces (gained 7).
Things that are here:
a +0 spear; 5 stones Key pressed, stopping explore.
Unknown command. 😎 HP[+8] MP[+5]
Your hp is fully restored (46).
Your mp is fully restored (16).
Found a stone staircase leading up.
There is a stone staircase leading up here.
A gnoll comes into view. It is wielding a +0 spear.
A gnoll is nearby!
A gnoll is nearby!
A gnoll is nearby!
Casting: Searing Ray (safe; 1% risk of failure)
Confirm with . or Enter, or press ? or * to list all spells.
You don't know that spell.
A gnoll comes into view. It is wielding a +0 spear.
A gnoll comes into view. It is wielding a +0 whip.
The gnoll shouts!
Casting: Searing Ray (safe; 1% risk of failure)
Confirm with . or Enter, or press ? or * to list all spells.
A chill wind blows around you.
The gnoll shouts! 😎 MP[-3]
You lost 3 mp, and now have 13/16 mp.
Unknown command.
The gnoll barely misses you. The gnoll closely misses you.
The gnoll barely misses you.
The gnoll hits you with a +0 spear. 😕 HP[-6]
You take 6 damage, and now have 40/46 hp.
Unknown command.
A gnoll comes into view.
It is wielding a +0 flail and quivering a throwing net.
Your ice beast hits the gnoll.
Your ice beast freezes the gnoll.
The gnoll hits you from afar with a +0 spear. 😮 HP[-6]
You take 6 damage, and now have 34/46 hp.
Your ice beast closely misses the gnoll.
The gnoll closely misses you. 😮 MP[+1] Unknown command.
The gnoll hits you with a +0 flail! 😮 HP[-6]
You take 6 damage, and now have 28/46 hp.
Unknown command.
The gnoll throws a throwing net.
The throwing net hits you.
You become entangled in the net!
Your ice beast barely misses the gnoll.
You see here a throwing net.
You tear a large gash into the net.
Unknown command.
You struggle against the net.
The gnoll barely misses you. The gnoll hits you with a +0 flail!
* * * LOW HITPOINT WARNING * * *
Your ice beast closely misses the gnoll. 😨 HP[-9]
You take 9 damage, and now have 19/46 hp.
You rip the net and break free!
The gnoll misses you. The gnoll closely misses you.
The gnoll hits you from afar with a +0 spear!
* * * LOW HITPOINT WARNING * * *
The gnoll closely misses you.
Your ice beast hits the gnoll.
Your ice beast freezes the gnoll!
The gnoll dies! 😱 HP[-10]
You take 10 damage, and now have 9/46 hp.
MASSIVE DAMAGE!! (PAUSE) It was a potion of curing.
You feel better. The gnoll barely misses you.
The gnoll hits you from afar with a +0 spear.
* * * LOW HITPOINT WARNING * * *
Your ice beast hits the gnoll but does no damage.
The gnoll closely misses you. 😨 HP[+5] MP[+1]
You regained 5 hp, and now have 14/46 hp.
Okay, then.
Unknown command.
You feel better. The gnoll hits you with a +0 whip.
* * * LOW HITPOINT WARNING * * *
The gnoll barely misses you.
Your ice beast hits the gnoll.
Your ice beast freezes the gnoll.
The gnoll hits you with a +0 flail!
* * * LOW HITPOINT WARNING * * *
😱 HP[-3]
You take 3 damage, and now have 11/46 hp.
Unknown command.
The gnoll closely misses you. The gnoll attacks as it pursues you!
The gnoll hits you with a +0 whip!
* * * LOW HITPOINT WARNING * * *
The gnoll attacks as it pursues you! The gnoll hits you with a +0 flail!
You die...

Skill      XL: |  1  2  3  4  5  6  7 |
---------------+----------------------+-----
Dodging        | 3 |  3.0
Spellcasting   | 4 5 |  5.8
Conjurations   | 5 |  5.0
Summonings     | 1 3 |  3.4
Ice Magic      | 1 3 |  3.4
Stealth        | |  2.6

Action                     |  1- 3 |  4- 6 |  7- 9 || total
---------------------------+-------+-------+-------++-------
  Melee: Unarmed           |    14 |    11 |    14 ||    39
         Constrict         |     7 |     5 |     5 ||    17
         Tentacles         |     1 |     3 |     2 ||     6
         Punch             |       |     1 |       ||     1
   Cast: Magic Dart        |    52 |   109 |    25 ||   186
         Searing Ray       |     1 |     5 |    10 ||    16
         Summon Ice Beast  |       |     1 |     4 ||     5
    Use: Potion            |       |     2 |     2 ||     4
         Scroll            |       |     2 |       ||     2
 Armour: Skin              |     7 |    19 |    36 ||    62
  Dodge: Dodged            |    11 |    33 |    33 ||    77

Levels and vault maps discovered:
D:1:      shiori_shiawase, layout_rooms, minmay_worlds_worst_comb
D:2:      minmay_razor_zed, layout_loops_ring, uniq_sigmund
D:3:      layout_loops_ring, serial_shops, shop, minmay_distorted
D:4:      layout_loops_corners, hellmonk_sif_muna_bookshelves, uniq_duvessa

Notes
Turn   | Place    | Note
-------+----------+-------------------------------------------
     0 | D:1      | ytrimaz the Octopode Conjurer began the quest for the Orb.
     0 | D:1      | Reached XP level 1. HP: 11/11 MP: 3/3
     0 | D:1      | magus.rc [v1.9.6]
    91 | D:1      | Reached XP level 2. HP: 15/17 MP: 1/5
   365 | D:1      | Reached XP level 3. HP: 14/21 MP: 0/6
  1003 | D:1      | Learned a level 2 spell: Searing Ray
  1093 | D:2      | Reached XP level 4. HP: 27/27 MP: 2/8
  1242 | D:2      | Reached skill level 3 in Dodging
  1281 | D:2      | You pick up a book of Beasts and begin reading...
  1281 | D:2      | You add the spells Summon Ice Beast, Summon Mana Viper and
                  | Monstrous Menagerie to your library.
  1335 | D:2      | Learned a level 3 spell: Summon Ice Beast
  1581 | D:2      | Reached skill level 3 in Spellcasting
  1598 | D:2      | Noticed Sigmund
  1611 | D:2      | Killed Sigmund
  1612 | D:2      | Reached skill level 4 in Spellcasting
  1612 | D:2      | Reached skill level 5 in Conjurations
  1612 | D:2      | Reached XP level 5. HP: 18/31 MP: 2/11
  1612 | D:2      | Reached XP level 6. HP: 20/36 MP: 2/12
  1793 | D:2      | HP: 1/36 [gnoll/+0 flail (11)]
  1798 | D:2      | HP: 2/54 [gnoll/+0 spear (1)]
  2304 | D:2      | Reached skill level 1 in Summonings
  2304 | D:2      | Reached skill level 1 in Ice Magic
  3267 | D:3      | You pick up a book of Storms and begin reading...
  3267 | D:3      | You add the spells Static Discharge, Airstrike and Summon
                  | Lightning Spire to your library.
  3339 | D:3      | You pick up a book of Air and begin reading...
  3339 | D:3      | You add the spells Shock and Swiftness to your library.
  3511 | D:3      | Found Uheer's Jewellery Emporium.
  3626 | D:4      | Reached skill level 5 in Spellcasting
  3626 | D:4      | Reached XP level 7. HP: 41/41 MP: 8/14
  3742 | D:4      | Reached skill level 2 in Summonings
  3742 | D:4      | Reached skill level 2 in Ice Magic
  3863 | D:4      | You pick up a book of Displacement and begin reading...
  3863 | D:4      | You add the spells Lesser Beckoning, Gell's Gravitas and
                  | Teleport Other to your library.
  4136 | D:4      | Found a shimmering blue altar of Sif Muna.
  4444 | D:4      | Noticed Dowan
  4446 | D:4      | Noticed Duvessa
  4458 | D:4      | HP: 5/41 [Duvessa/+0 short sword (9)]
  4459 | D:4      | Killed Duvessa
  4460 | D:4      | Reached skill level 3 in Summonings
  4460 | D:4      | Reached skill level 3 in Ice Magic
  4464 | D:4      | Killed Dowan
  4465 | D:4      | Reached XP level 8. HP: 7/46 MP: 7/16
  4619 | D:4      | You pick up a book of Battle and begin reading...
  4619 | D:4      | You add the spells Fugue of the Fallen, Ozocubu's Armour
                  | and Manifold Assault to your library.
  4804 | D:4      | HP: 9/46 [gnoll/+0 spear (10)]
  4808 | D:4      | HP: 4/46 [gnoll/+0 whip (7)]
  4808 | D:4      | Slain by a gnoll

Vanquished Creatures
  Sigmund (D:2)
  An ice beast (D:4)
  2 hounds (D:4)
  A gnoll bouda (D:4)
  2 iguanas (D:4)
  12 gnolls
  5 adders
  4 dart slugs
  10 orcs
  12 ball pythons
  5 bats
  8 endoplasms
  7 giant cockroaches
  9 goblins
  8 hobgoblins
  5 kobolds
  3 quokkas
  2 frilled lizards
  5 rats
102 creatures vanquished.

Vanquished Creatures (collateral kills)
  Duvessa (D:4)
  Dowan (D:4)
  An orc priest (D:4)
  4 gnolls
  A rat (D:3)
8 creatures vanquished.

Grand Total: 110 creatures vanquished

Table legend:
 A = Non-vault XP
 B = Vault XP
 C = Vault XP percentage of total XP
 D = Non-vault monster count
 E = Vault monster count
 F = Vault count percentage of total count
                 A         B        C        D         E       F
            +---------+---------+-------+---------+---------+-------
      Total |     770 |     495 |  39.1 |      87 |      23 |  20.9
            +---------+---------+-------+---------+---------+-------
        D:1 |      56 |       8 |  12.5 |      22 |       4 |  15.4
        D:2 |     157 |     268 |  63.1 |      25 |      16 |  39.0
        D:3 |      84 |       3 |   3.4 |      18 |       1 |   5.3
        D:4 |     473 |     216 |  31.3 |      22 |       2 |   8.3
            +---------+---------+-------+---------+---------+-------

Skill      XL: |  1  2  3  4  5  6  7 |
---------------+----------------------+-----
Dodging        | 3 |  3.0
Spellcasting   | 4 5 |  5.8
Conjurations   | 5 |  5.0
Summonings     | 1 3 |  3.4
Ice Magic      | 1 3 |  3.4
Stealth        | |  2.6

Action                     |  1- 3 |  4- 6 |  7- 9 || total
---------------------------+-------+-------+-------++-------
  Melee: Unarmed           |    14 |    11 |    14 ||    39
         Constrict         |     7 |     5 |     5 ||    17
         Tentacles         |     1 |     3 |     2 ||     6
         Punch             |       |     1 |       ||     1
   Cast: Magic Dart        |    52 |   109 |    25 ||   186
         Searing Ray       |     1 |     5 |    10 ||    16
         Summon Ice Beast  |       |     1 |     4 ||     5
    Use: Potion            |       |     2 |     2 ||     4
         Scroll            |       |     2 |       ||     2
 Armour: Skin              |     7 |    19 |    36 ||    62
  Dodge: Dodged            |    11 |    33 |    33 ||    77

Illustrated notes

Table legend:
 A = Kills in this place as a percentage of kills in the entire game.
 B = Kills by you in this place as a percentage of kills by you in the entire game.
 C = Kills by friends in this place as a percentage of kills by friends in the entire game.
 D = Other kills in this place as a percentage of other kills in the entire game.
 E = Experience gained in this place as a percentage of experience gained in the entire game.
 F = Experience gained in this place divided by the number of levels of this place that you have seen.
                   A       B       C       D       E      F
               +-------+-------+-------+-------+-------+----------------------
         Total | 100.0 | 100.0 | 100.0 |   N/A | 100.0 | 316.2
       Dungeon | 100.0 | 100.0 | 100.0 |   N/A | 100.0 | 316.2
               +-------+-------+-------+-------+-------+----------------------

Table legend: (Time is in decaauts)
 A = Elapsed time spent in this place.
 B = Non-inter-level travel time spent in this place.
 C = Inter-level travel time spent in this place.
 D = Time resting spent in this place.
 E = Time spent auto-exploring this place.
 F = Levels seen in this place.
 G = Mean time per level.
                   A        B        C        D        E       F      G
               +--------+--------+--------+--------+--------+-----+--------+
         Total |   4815 |   4674 |    141 |    313 |   3814 |   4 | 1203.8 |
       Dungeon |   4815 |   4674 |    141 |    313 |   3814 |   4 | 1203.8 |
               +--------+--------+--------+--------+--------+-----+--------+

Top non-repeatable levels by time:
     D:2: 1560 daAuts
     D:4: 1221 daAuts
     D:1: 1144 daAuts
     D:3: 889 daAuts
